AoeStats
← Camargo

Arabia

504854472Analyzed
1v1 RM · 26d ago on Sep 6, 2026· 52m 28s· 2 players
Game mode
Random Map
Map size
Tiny (2 player)
Population
200
Speed
Normal
Resources
Standard
Victory
Conquest
Starting age
Dark Age
Ending age
Imperial Age
RankedLock teamsTeams togetherTeam positionsShared explorationLock speedFull tech treeHidden civsTurbo modeCheats
Victory
Defeat
🇫🇷 Gurjaras · France
894
+16
🇨🇴 Persians · Colombia
891
-16
Camargo
5:57 Loom
9:15 Feudal Age
14:07 Bloodlines
17:46 Double-Bit Axe
22:24 Castle Age
21:01 Horse Collar
21:15 Gold Mining
22:45 Padded Archer Armor
22:35 Fletching
24:19 Forging
28:29 Leather Archer Armor
32:13 Bodkin Arrow
34:36 Wheelbarrow
37:43 Parthian Tactics
38:41 Hand Cart
41:29 Imperial Age
40:43 Town Watch
41:01 Heavy Plow
41:13 Stone Mining
41:59 Gold Shaft Mining
41:41 Kamandaran
42:20 Conscription
43:17 Town Patrol
42:53 Heavy Cavalry Archer
44:57 Heavy Scorpion
47:36 Ring Archer Armor
47:13 Scale Barding Armor
50:44 Ballistics
51:25 Chemistry
50:48 Husbandry
50:09 Light Cavalry
Pedro9.2
12:07 Feudal Age
12:46 Loom
13:16 Stone Mining
13:50 Horse Collar
18:39 Gold Mining
22:05 Double-Bit Axe
26:09 Castle Age
24:37 Bloodlines
25:22 Forging
27:03 Padded Archer Armor
26:53 Fletching
27:09 Scale Barding Armor
27:43 Husbandry
29:30 Gold Shaft Mining
30:37 Leather Archer Armor
31:04 Sanctity
30:56 Fervor
31:23 Bow Saw
31:50 Elite Skirmisher
37:57 Imperial Age
36:11 Wheelbarrow
35:21 Town Watch
36:16 Sanctity
36:23 Fortified Wall
36:36 Thumb Ring
37:26 Herbal Medicine
38:50 Kshatriyas
39:52 Chemistry
39:12 Ballistics
39:42 Conscription
40:01 Hand Cart
39:28 Heavy Camel Rider
40:59 Stone Shaft Mining
40:27 Heavy Plow
41:27 Town Patrol
42:22 Crop Rotation
41:49 Murder Holes
41:43 Treadmill Crane
42:21 Masonry
42:57 Elite Chakram Thrower
47:02 Hoardings
48:00 Frontier Guards
48:16 Architecture
49:42 Chain Barding Armor
49:57 Iron Casting
49:18 Bodkin Arrow
49:18 Heated Shot
Connection lost

Rejoining the realm…

Still unreachable

The connection could not be restored.

Session expired

The server has moved on; the page needs a fresh start.